 Dungeon Crawl Stone Soup version 0.20-a0-903-g7e3609c (webtiles) character file.

177 smeego the Changer (level 5, -9/55 HPs)
             Began as a Demonspawn Transmuter on Mar 21, 2017.
             Killed by divine providence
             ... invoked by an orc priest
              (13 damage)
             ... on level 3 of the Dungeon.
             The game lasted 00:05:16 (1764 turns).

smeego the Changer (Demonspawn Transmuter)          Turns: 1764, Time: 00:05:17

Health: -9/55      AC: 22    Str: 11    XL:     5   Next: 31%
Magic:  4/8        EV:  2    Int: 15    God:
Gold:   258        SH:  0    Dex: 15    Spells: 2/8 levels left

rFire    + . .     SeeInvis .     - Unarmed
rCold    + . .     Gourm    .   (armour currently unavailable)
rNeg     + + +     Faith    .   (no shield)
rPois    +         Spirit   .   (helmet currently unavailable)
rElec    +         Reflect  .   (cloak currently unavailable)
rCorr    +         Harm     .   (gloves currently unavailable)
MR       .....     NoTele   +   (boots currently unavailable)
Stlth    +.........             (no amulet)
Regen    0.2/turn               (no ring)
MPRegen  0.2/turn               (no ring)

@: tree-form, resistant, very slightly contaminated
A: (horns 0), (icy blue scales 0), agile 1, (fire resistance 0), wild magic 1
a: no special abilities


You were on level 3 of the Dungeon.
You were hungry.
You were a tree.
You visited 1 branch of the dungeon, and saw 3 of its levels.

You collected 258 gold pieces.

Inventory:

Missiles
 a - 17 arrows
Armour
 b - a +0 robe (melded)
 q - a +0 cloak (melded)
Wands
 w - a wand of iceblast (13/15)
Scrolls
 e - a scroll of blinking
 f - 2 scrolls of remove curse
 g - 2 scrolls of recharging
 o - a scroll of amnesia
 t - 2 scrolls of enchant weapon
Potions
 h - 2 potions of agility
 l - a potion of lignification
Books
 c - a book of Changes

   Spells                             Type                      Level
   a - Beastly Appendage              Transmutation                1
   b - Sticks to Snakes               Transmutation                2
   c - Spider Form                    Transmutation/Poison         3
   d - Ice Form                       Ice/Transmutation            4
   e - Blade Hands                    Transmutation                5
Comestibles
 d - 2 bread rations
 n - 2 royal jellies
 p - a chunk of flesh
 u - a meat ration


   Skills:
 - Level 1.0 Fighting
 - Level 1.7 Dodging
 + Level 3.8 Unarmed Combat
 - Level 2.0 Spellcasting
 * Level 4.2 Transmutations


You had 2 spell levels left.
You knew the following spells:

 Your Spells              Type           Power        Failure   Level  Hunger
a - Beastly Appendage     Tmut           ###...       8%          1    #......
b - Sticks to Snakes      Tmut           ###.....     12%         2    ###....
c - Spider Form           Tmut/Pois      ##........   38%         3    ###....


Dungeon Overview and Level Annotations

Branches:
Dungeon (3/15)

Altars:


Innate Abilities, Weirdness & Mutations

((You have a pair of small horns on your head.))
((You are partially covered in icy blue scales. (AC +2)))
((Your flesh is heat resistant. (rF+)))
You are agile. (Dex +2)
Your spells are a little harder to cast, but a little more powerful.


Message History

You hit the orc priest but do no damage.
The orc priest is moderately wounded.
The orc priest hits you but does no damage.
You smack the orc priest!
The orc priest is severely wounded.
The orc priest hits you but does no damage.
You hit the orc priest but do no damage.
The orc priest is severely wounded.
The orc priest hits you but does no damage.
You hit the orc priest but do no damage.
The orc priest is severely wounded.
The orc priest barely misses you.
You hit the orc priest.
The orc priest is almost dead.
The orc priest hits you but does no damage.
You barely miss the orc priest.
The orc priest is almost dead.
The orc priest mumbles some strange prayers to Beogh against you.
Beogh smites you!
You die...

..o.......#
*,*
.w.....##.#
#.#
######.##.#
#.#
#.##.###
#.#
#.##...#
#.# ##
#.####.#
#.# .# #.#
#.# #.# .#
#.# #.# #)#
.# *.# #o#
#♣# .# *,*
#.# #o#
.#####.*
#.# #.#
.......#
#.####.#
......##
#.#..(.#
#####.#
#.#.#### **
*,#
#.#.#####
,* *,*
#..b....#
<* *,*
###.###.#


You could see an orc priest.

Vanquished Creatures
  2 orc priests (D:3)
  3 adders
  2 oozes (D:1)
  3 dart slugs
  A leopard gecko (D:2)
  2 orcs (D:3)
  A ball python (D:2)
  5 bats
  3 giant cockroaches
  12 goblins
  2 hobgoblins
  3 jackals (D:2)
  4 kobolds
  3 frilled lizards
  6 rats
52 creatures vanquished.

Vanquished Creatures (collateral kills)
  3 adders
  A worm (D:3)
4 creatures vanquished.

Vanquished Creatures (others)
  A plant (D:3)
1 creature vanquished.

Grand Total: 57 creatures vanquished

Notes
Turn   | Place    | Note
-------+----------+-------------------------------------------
     0 | D:1      | smeego the Demonspawn Transmuter began the quest for the Orb.
     0 | D:1      | Reached XP level 1. HP: 15/15 MP: 3/3
   238 | D:1      | Reached skill level 2 in Transmutations
   282 | D:1      | You fall through a shaft!
   289 | D:2      | Gained mutation: You are partially covered in icy blue scales. (AC +2) [demonic ancestry]
   289 | D:2      | Reached XP level 2. HP: 11/21 MP: 3/5
   805 | D:1      | Gained mutation: You have a pair of small horns on your head. [demonic ancestry]
   805 | D:1      | Reached XP level 3. HP: 18/26 MP: 4/6
   853 | D:1      | Learned a level 2 spell: Sticks to Snakes
   857 | D:1      | Learned a level 3 spell: Spider Form
  1141 | D:2      | Reached skill level 3 in Transmutations
  1302 | D:2      | Gained mutation: Your flesh is heat resistant. (rF+) [demonic ancestry]
  1302 | D:2      | Reached XP level 4. HP: 24/32 MP: 1/7
  1532 | D:3      | Found a faded altar of an unknown god.
  1669 | D:3      | Reached skill level 4 in Transmutations
  1669 | D:3      | Reached XP level 5. HP: 13/37 MP: 1/8
  1755 | D:3      | Gained mutation: You are agile. (Dex +2) [potion of mutation]
  1755 | D:3      | Gained mutation: Your spells are a little harder to cast, but a little more powerful. [potion of mutation]
  1764 | D:3      | Killed from afar by an orc priest

Vault maps used:
D:1:      minmay_arrival_checkered_box, minmay_cut_off
D:3:      chequers_ecumenical_altar_lobes, first_bread,
          brannock_xom_greatest_gift

Skill      XL: |  1  2  3  4 |
---------------+-------------+-----
Transmutations | 2 3 4 |  4.2
Unarmed Combat | 3 |  3.8
Fighting       | |  1.0
Dodging        | |  1.7
Spellcasting   | |  2.0

Action                   |  1- 3 |  4- 6 || total
-------------------------+-------+-------++-------
Melee: Unarmed           |   132 |    61 ||   193
       Headbutt          |    11 |     7 ||    18
       Kick              |    13 |     5 ||    18
 Cast: Beastly Appendage |    19 |     7 ||    26
       Sticks to Snakes  |     4 |     7 ||    11
       Spider Form       |       |     2 ||     2
  Use: Potion            |       |     4 ||     4
       Scroll            |       |    11 ||    11
  Eat: Chunk             |     2 |     2 ||     4
Armor: Robe              |    31 |    14 ||    45
       Skin              |       |     8 ||     8
Dodge: Dodged            |    65 |    54 ||   119
